 Dungeon Crawl Stone Soup version 0.31-a0-833-gc15d34cb79 (webtiles) character file.

Game seed: 7600953188841407532

868 DApurpleWHUMPUS the Thaumaturge (level 7, 0/36 HPs)
             Began as a Deep Elf Conjurer on Sept 25, 2023.
             Was a Follower of Sif Muna.
             Succumbed to a gnoll sergeant's poison
             ... on level 5 of the Dungeon.
             The game lasted 00:09:28 (5281 turns).

DApurpleWHUMPUS the Thaumaturge (Deep Elf Conjurer) Turns: 5281, Time: 00:09:29

Health: 0/36       AC:  2    Str:  4    XL:     7   Next: 73%
Magic:  3/21       EV: 12    Int: 25    God:    Sif Muna [*.....]
Gold:   289        SH:  0    Dex: 13    Spells: 13/23 levels left

rFire   . . .        c - +2 short sword (speed)
rCold   . . .        (no shield)
rNeg    . . .        a - +0 robe
rPois   .            (no helmet)
rElec   .            (no cloak)
rCorr   .            (no gloves)
SInv    .            (no boots)
Will    .....        (no amulet)
Stlth   ++           (no ring)
HPRegen 0.26/turn    (no ring)
MPRegen 0.17/turn

%: no passive effects
@: lethally poisoned (0 -> -36)
A: no striking features
a: Renounce Religion, Channel Magic


You were on level 5 of the Dungeon.
You worshipped Sif Muna.
Sif Muna was aware of your devotion.
You visited 2 branches of the dungeon, and saw 6 of its levels.

You collected 289 gold pieces.

Inventory:

Hand Weapons
 c - a +2 short sword of speed (weapon)
Missiles
 t - 2 throwing nets
Armour
 a - a +0 robe (worn)
Wands
 m - a wand of flame (13)
 o - a wand of digging (4)
Scrolls
 d - 3 scrolls of identify {unknown}
 g - 2 scrolls of teleportation {unknown}
 h - a scroll of noise {unknown}
 k - a scroll of blinking {unknown}
 l - a scroll of enchant weapon {unknown}
 n - a scroll of torment {unknown}
 p - 2 scrolls of immolation {unknown}
 r - a scroll of amnesia {unknown}
Potions
 b - a potion of magic
 e - a potion of degeneration {unknown}
 f - a potion of ambrosia {unknown}
 i - 3 potions of attraction {unknown}
 j - 4 potions of curing {unknown}
 q - a potion of lignification {unknown}
 s - a potion of enlightenment {unknown}


   Skills:
 - Level 2.4 Dodging
 - Level 2.4 Stealth
 * Level 8.7 Spellcasting
 + Level 6.8 Conjurations
 + Level 3.9 Earth Magic


You had 13 spell levels left.
You knew the following spells:

 Your Spells              Type           Power      Damage    Failure   Level
a - Magic Dart            Conj           100%       1d8       1%          1
b - Searing Ray           Conj           90%        2d7       1%          2
c - Stone Arrow           Conj/Erth      76%        3d11      1%          3
d - Brom's Barrelling Bo  Conj/Erth      38%        2d6       6%          4

Your spell library contained the following spells:

 Spells                   Type           Power      Damage    Failure   Level
 Sandblast                Erth           60%        2d14      1%          1
 Passwall                 Tmut/Erth      16%        N/A       3%          2
 Dazzling Flash           Conj/Hex       56%        N/A       4%          3
 Fulminant Prism          Conj/Hex       14%        3d8       14%         4
 Iskenderun's Mystic Bla  Conj/Tloc      28%        2d7       14%         4


Dungeon Overview and Level Annotations

Branches:
Dungeon (5/15)             Temple (1/1) D:4

Altars:
Ashenzari
Cheibriados
Elyvilon
Fedhas
Gozag
Hepliaklqana
Kikubaaqudgha
Makhleb
Okawaru
Qazlal
Ru
Sif Muna
Trog
Uskayaw
Vehumet
Wu Jian
Xom
Yredelemnul
Zin
The Shining One

Annotations:
Temple 2 transporters


Message History

You can now call upon Sif Muna for magical energy.
Casting: Stone Arrow (safe; 1% risk of failure)
Confirm with . or Enter, or press ? or * to list all spells.
Aiming: Stone Arrow (safe; 1% risk of failure)
Press: ? - help, Shift-Dir - straight line, f - gnoll
Aim: a gnoll, wielding a +0 halberd (heavily wounded, 77% to hit)
The stone arrow hits the gnoll!
You kill the gnoll!
Sif Muna accepts your kill.
Casting: Stone Arrow (safe; 1% risk of failure)
Confirm with . or Enter, or press ? or * to list all spells.
Aiming: Stone Arrow (safe; 1% risk of failure)
Press: ? - help, Shift-Dir - straight line, f - gnoll
Aim: a gnoll, wielding a +0 spear (77% to hit)
The stone arrow hits the gnoll!
You kill the gnoll!
Sif Muna accepts your kill.
The gnoll sergeant shouts!
The gnoll sergeant hits you from afar with a +5 spear of venom!
You are poisoned.
Casting: Stone Arrow (safe; 1% risk of failure)
Confirm with . or Enter, or press ? or * to list all spells.
Aiming: Stone Arrow (safe; 1% risk of failure)
Press: ? - help, Shift-Dir - straight line, f - gnoll sergeant
Aim: a gnoll sergeant, wielding a +5 spear of venom and wearing a +0 ring mail (81% to hit)
The stone arrow hits the gnoll sergeant!!
The gnoll sergeant is severely wounded.
You feel very sick.
The gnoll sergeant hits you from afar with a +5 spear of venom!
* * * LOW HITPOINT WARNING * * *
You are more poisoned.
Casting: Stone Arrow (safe; 1% risk of failure)
Confirm with . or Enter, or press ? or * to list all spells.
Aiming: Stone Arrow (safe; 1% risk of failure)
Press: ? - help, Shift-Dir - straight line, f/p - gnoll sergeant
Aim: a gnoll sergeant, wielding a +5 spear of venom and wearing a +0 ring mail (severely wounded, 81% to hit)
The stone arrow hits the gnoll sergeant!
You kill the gnoll sergeant!
Sif Muna accepts your kill.
You die...

.#.###....#.######........##....#
.'........#.# #........##.####
.#.#...#..#.# ###........##.# #
.#.....#..#.####..........##.####
<###.#.........#.###########.....
...#.#.........#.# ######
.#.#.#.........#.#
.#.#...........#.#
.#.###.........#@# ...#
#.........#........ ####
#.........#.g).....
##...######...).... #...#
#........ #...# #...[.... .....
......... #.#...###


You could see a gnoll.

Vanquished Creatures
  A black bear (D:5)
  3 ogres
  2 phantoms
  A gnoll sergeant (D:5)
  2 hounds
  A jelly (D:5)
  Jessica (D:2)
  2 iguanas (D:5)
  A sleepcap (D:3)
  7 gnolls
  3 adders
  3 worms
  A dart slug (D:2)
  7 orcs
  9 ball pythons
  5 endoplasms
  3 giant cockroaches
  5 goblins
  6 hobgoblins
  4 jackals (D:5)
  5 quokkas
  3 bats
  2 frilled lizards (D:2)
  7 kobolds
  4 rats
88 creatures vanquished.

Notes
Turn   | Place    | Note
-------+----------+-------------------------------------------
     0 | D:1      | DApurpleWHUMPUS the Deep Elf Conjurer began the quest for
                  | the Orb.
     0 | D:1      | Reached XP level 1. HP: 10/10 MP: 6/6
   202 | D:1      | Found a faded altar of an unknown god.
   284 | D:1      | Reached XP level 2. HP: 15/15 MP: 4/8
   647 | D:1      | Learned a level 2 spell: Searing Ray
  1217 | D:2      | Reached skill level 4 in Spellcasting
  1356 | D:2      | Reached XP level 3. HP: 19/19 MP: 8/10
  1385 | D:2      | Reached skill level 5 in Conjurations
  1399 | D:2      | Noticed Jessica
  1409 | D:2      | Killed Jessica
  1907 | D:2      | Reached XP level 4. HP: 24/24 MP: 10/12
  2271 | D:2      | Learned a level 3 spell: Stone Arrow
  2276 | D:2      | Learned a level 4 spell: Brom's Barrelling Boulder
  2289 | D:3      | Noticed an ogre
  2294 | D:3      | Killed an ogre
  2295 | D:3      | Reached skill level 5 in Spellcasting
  2295 | D:3      | Reached skill level 1 in Earth Magic
  2295 | D:3      | Reached XP level 5. HP: 28/28 MP: 6/15
  3078 | D:4      | Noticed an ogre
  3086 | D:4      | Killed an ogre
  3087 | D:4      | Reached skill level 6 in Spellcasting
  3087 | D:4      | Reached XP level 6. HP: 4/32 MP: 6/17
  3367 | D:4      | Found a bloodstained altar of Trog.
  3512 | D:4      | Reached skill level 7 in Spellcasting
  3611 | D:4      | Found a staircase to the Ecumenical Temple.
  3641 | Temple   | Found a transporter.
  3641 | Temple   | Found a transporter.
  3641 | Temple   | Found a transporter.
  3641 | Temple   | Found a transporter.
  3641 | Temple   | Entered the Ecumenical Temple
  3663 | Temple   | Became a worshipper of Sif Muna the Loreminder
  4052 | D:4      | Reached XP level 7. HP: 36/36 MP: 9/19
  4353 | D:5      | Entered Level 5 of the Dungeon
  4516 | D:5      | Identified the +7 flail of Cataclysm {venom, rElec rN+
                  | Str+2}
  4863 | D:5      | Reached skill level 8 in Spellcasting
  5260 | D:5      | Reached * piety under Sif Muna
  5281 | D:5      | Succumbed to a gnoll sergeant's poison

Illustrated notes

Levels and vault maps discovered:
D:1:      dpeg_arrival_erosion, layout_rooms,
          shapermc_ecumenical_altar_notcrosses
D:2:      layout_basic, serial_rivers, chequers_serial_rivers_small_b,
          chequers_serial_rivers_room_b, chequers_serial_rivers_small_b,
          chequers_serial_rivers_small_a, chequers_serial_rivers_micro_d,
          chequers_serial_rivers_marsh, minmay_misc_feat_more_columns,
          uniq_jessica
D:3:      layout_rooms, nicolae_hexahallways
D:4:      layout_loops_ring, mainiacjoe_overflow_surrounded_room,
          minmay_temple_entry_water_ring, minmay_misc_feat_plants
D:5:      layout_basic, kennysheep_donut
Temple:   hellmonk_temple_divided_pantheon

Skill      XL: |  1  2  3  4  5  6  7 |
---------------+----------------------+-----
Spellcasting   | 4 5 6 7 8 |  8.7
Conjurations   | 5 6 |  6.8
Earth Magic    | 1 2 3 |  3.9
Dodging        | |  2.4
Stealth        | |  2.4

Action                     |  1- 3 |  4- 6 |  7- 9 || total
---------------------------+-------+-------+-------++-------
  Melee: Short sword       |     5 |       |       ||     5
   Cast: Magic Dart        |    61 |    52 |    33 ||   146
         Searing Ray       |       |     4 |     1 ||     5
         Stone Arrow       |       |     7 |    20 ||    27
 Armour: Robe              |     6 |     4 |     2 ||    12
  Dodge: Dodged            |     8 |    10 |     1 ||    19

Table legend: (Time is in decaauts)
 A = Elapsed time spent in this place.
 B = Non-inter-level travel time spent in this place.
 C = Inter-level travel time spent in this place.
 D = Time resting spent in this place.
 E = Time spent auto-exploring this place.
 F = Levels seen in this place.
 G = Mean time per level.
                   A        B        C        D        E       F      G
               +--------+--------+--------+--------+--------+-----+--------+
         Total |   5290 |   4969 |    321 |    982 |   3532 |   6 |  881.7 |
       Dungeon |   5249 |   4963 |    286 |    982 |   3532 |   5 | 1049.8 |
        Temple |     40 |      5 |     35 |      0 |      0 |   1 |   40.0 |
               +--------+--------+--------+--------+--------+-----+--------+

Top non-repeatable levels by time:
     D:2: 1397 daAuts
     D:4: 1260 daAuts
     D:1: 1071 daAuts
     D:5: 927 daAuts
     D:3: 592 daAuts
  Temple: 40 daAuts
